 Dungeon Crawl Stone Soup version 0.15-a0-357-gf0ffff9 (webtiles) character file.

148 Psiweapon the Ruffian (level 4, -5/35 HPs)
             Began as a Draconian Transmuter on Apr 2, 2014.
             Was an Initiate of Cheibriados.
             Killed from afar by Natasha (9 damage)
             ... with a magic dart
             ... on Level 4 of the Dungeon on May 3, 2014.
             The game lasted 00:08:07 (2165 turns).

Psiweapon the Ruffian (Draconian Transmuter)        Turns: 2165, Time: 00:08:10

HP  -5/35        AC  9     Str 14      XL: 4   Next: 20%
MP   7/7         EV 12     Int 15      God: Cheibriados [......]
Gold 67          SH  0     Dex 12      Spells:  1 memorised,  6 levels left

rFire  . . .     SeeInvis .       - Unarmed
rCold  . . .     Clarity  .     (armour unavailable)
rNeg   . . .     Conserve .     (no shield)
rPois  .         rCorr    .     (helmet restricted)
rElec  .         rRot     .     m - +1 cloak
SustAb . .       Spirit   .     x - +0 pair of gloves
rMut   .         Warding  .     y - +0 pair of boots
Saprov . . .     Stasis   .     (no amulet)
MR     .....                    (no ring)
                                (no ring)

@: slowed, very slow, not resistant to hostile enchantments, very unstealthy
A: unfitting armour, AC +5
a: Bend Time, Renounce Religion


You were on level 4 of the Dungeon.
You worshipped Cheibriados.
Cheibriados was noncommittal.
You were hungry.

You visited 1 branch of the dungeon, and saw 4 of its levels.

You collected 67 gold pieces.

Inventory:

Hand weapons
 z - a cursed -3,+0 short sword
Missiles
 b - 12 arrows
 f - a throwing net (quivered)
 g - 20 darts
 j - 11 darts of frost
 k - 20 stones
Armour
 l - a +0 pair of boots
 m - a +1 cloak (worn)
 x - a +0 pair of gloves (worn)
 y - a +0 pair of boots (worn)
Comestibles
 a - 5 bread rations
 n - an apple
 o - 3 meat rations
 r - a sausage
 s - a pear
 B - 2 chunks of quokka flesh
 C - 3 chunks of hobgoblin flesh
Scrolls
 c - 2 scrolls of identify {unknown}
 e - 2 scrolls of magic mapping {unknown}
 h - a scroll of immolation {unknown}
 i - a scroll of teleportation {unknown}
 t - a scroll of remove curse {unknown}
 u - a scroll of random uselessness {unknown}
 v - a scroll of blinking {unknown}
 w - a scroll of enchant armour {unknown}
Potions
 p - 2 potions of curing {unknown}
 q - a potion of brilliance {unknown}
Books
 d - a book of Changes

   Spells                             Type                      Level
   *Beastly Appendage                 Transmutation                1
   Sticks to Snakes                   Transmutation                2
   Spider Form                        Transmutation/Poison         3
   Ice Form                           Ice/Transmutation            4
   Blade Hands                        Transmutation                5


   Skills:
 - Level 1.1 Fighting
 - Level 1.7 Dodging
 + Level 4.1 Unarmed Combat
 - Level 2.0 Spellcasting
 + Level 3.4 Transmutations


You had 6 spell levels left.
You knew the following spells:

 Your Spells              Type           Power        Failure   Level  Hunger
a - Beastly Appendage     Trmt           ##....       8%          1    #......


Dungeon Overview and Level Annotations

Branches:
Dungeon (4/15)
 Temple: D:4-7

Altars:
Cheibriados
Trog

Annotations:
D:4 Natasha


Message History

The hound completely misses you. Natasha claws you.
* * * LOW HITPOINT WARNING * * *
The bat hits you but does no damage.
You barely miss the hound.
The hound is moderately wounded.
The bat hits you but does no damage. The hound bites you but does no damage.
Natasha closely misses you. The hound barely misses you.
The crimson imp hits you.
* * * LOW HITPOINT WARNING * * *
Natasha gestures.
You have a terrible headache.
Natasha barely misses you. The hound completely misses you.
You hit the hound.
The hound is moderately wounded.
The bat hits you but does no damage. The hound barely misses you.
The crimson imp hits you.
* * * LOW HITPOINT WARNING * * *
Natasha casts a spell at you. The magic dart hits you!
You die...

... #....##
#..... #....#
#....# #....# #
#....#####
####.##hh5.......
........@........
...........######
.......b<..#
#######....#
#$...# !....#
......# .......#
######..#


You could see a hound, Natasha, a crimson imp and a bat.

Vanquished Creatures
  Jessica (D:2)
  3 adders
  A giant gecko (D:1)
  2 giant cockroaches
  5 goblins
  7 hobgoblins
  A quokka (D:3)
  6 bats
  2 giant newts (D:2)
  6 kobolds
  4 rats
38 creatures vanquished.

Notes
Turn   | Place    | Note
--------------------------------------------------------------
     0 | D:1      | Psiweapon, the Draconian Transmuter, began the quest for the Orb.
     0 | D:1      | Reached XP level 1. HP: 16/16 MP: 3/3
   205 | D:1      | Reached XP level 2. HP: 21/23 MP: 4/4
   236 | D:1      | Upgraded the game from 0.15-a0-39-g424acf8 to 0.15-a0-288-gf1bfef0
   236 | D:1      | Upgraded the game from 0.15-a0-288-gf1bfef0 to 0.15-a0-357-gf0ffff9
   482 | D:2      | Found a bloodstained altar of Trog.
   657 | D:3      | Noticed an ogre
   946 | D:2      | Reached XP level 3. HP: 28/28 MP: 4/6
  1064 | D:2      | Noticed Jessica
  1071 | D:2      | Killed Jessica
  1599 | D:2      | Reached skill level 4 in Unarmed Combat
  1599 | D:2      | Reached XP level 4. HP: 32/35 MP: 7/7
  1985 | D:3      | Found a snail-covered altar of Cheibriados.
  2026 | D:3      | Became a worshipper of Cheibriados the Contemplative
  2152 | D:4      | Noticed Natasha
  2165 | D:4      | Killed from afar by Natasha

Action                   |  1- 3 |  4- 6 || total
-------------------------+-------+-------++-------
Melee: Unarmed           |   122 |    36 ||   158
 Cast: Beastly Appendage |    19 |     4 ||    23
